 Dungeon Crawl Stone Soup version 0.32-a0-872-g59262bdc9b (webtiles) character file.

Game seed: 7010134178227789932

101 Autsider the Chiller (level 4, -3/37 HPs)
             Began as a Naga Ice Elementalist on Mar 30, 2024.
             Incinerated by a bombardier beetle (5 damage)
             ... with a burning spray
             ... on level 3 of the Dungeon.
             The game lasted 00:04:53 (1510 turns).

Autsider the Chiller (Naga Ice Elementalist)        Turns: 1510, Time: 00:04:54

Health: -3/37      AC:  6    Str: 10    XL:     4   Next: 75%
Magic:  2/2        EV:  7    Int: 17    God:
Gold:   141        SH:  0    Dex: 12    Spells: 3/7 levels left

rFire   . . .        l - +4 whip (antimagic)
rCold   . . .        (no shield)
rNeg    . . .        q - +3 ring mail
rPois   +            n - +0 mask of the Dragon {Will+ Slay+3 SInv}
rElec   .            (no cloak)
rCorr   .            (no gloves)
SInv    +            (no barding)
Will    ++...        (no amulet)
Stlth   +            (no ring)
HPRegen 0.26/turn    (no ring)
MPRegen 0.08/turn

%: no passive effects
@: on fire, enlightened, flying, glowing, very slow
A: AC +1, large, see invisible, deformed body, poison resistance, slowness 2,
spit poison 1, naga tail 1
a: Spit Poison


You were on level 3 of the Dungeon.
You visited 1 branch of the dungeon, and saw 3 of its levels.

You collected 141 gold pieces.

Inventory:

Hand Weapons
 f - a +0 short sword
 l - a +4 antimagic whip (weapon)
Armour
 a - a +0 robe
 n - the +0 mask of the Dragon (worn) {Will+ Slay+3 SInv}
   (You found it on level 2 of the Dungeon)

   Slay+3:    It affects your accuracy & damage with ranged weapons and melee
   (+3).
   Will+:     It increases your willpower.
   SInv:      It lets you see invisible.
 q - a +3 ring mail (worn)
Jewellery
 j - a ring of protection from cold
Wands
 i - a wand of warping (9)
Scrolls
 c - a scroll of amnesia {unknown}
 d - 2 scrolls of vulnerability {unknown}
 h - 4 scrolls of identify {unknown}
 k - a scroll of teleportation {unknown}
 o - a scroll of enchant armour {unknown}
Potions
 b - a potion of magic
 e - a potion of ambrosia {unknown}
 g - 2 potions of enlightenment
 m - a potion of heal wounds {unknown}
 p - a potion of lignification {unknown}


   Skills:
 + Level 0.6 Fighting
 - Level 1.5 Dodging
 - Level 3.0 Stealth
 + Level 2.2 Spellcasting
 * Level 5.7 Ice Magic


You had 3 spell levels left.
You knew the following spells:

 Your Spells              Type           Power      Damage    Failure   Level
a - Freeze                Ice            84%        1d9       4%          1
b - Frozen Ramparts       Ice            42%        1d7       14%         3

Your spell library contained the following spells:

 Spells                   Type           Power      Damage    Failure   Level
 Ozocubu's Armour         Ice            21%        N/A       14%         3
 Hailstorm                Conj/Ice       11%        3d6       41%         3
 Summon Ice Beast         Ice/Summ       11%        N/A       41%         3


Dungeon Overview and Level Annotations

Branches:
Dungeon (3/15)

Altars:


Innate Abilities, Weirdness & Mutations

Your serpentine skin is tough. (AC +1)
You have supernaturally acute eyesight. (SInv)
Armour fits poorly on your strangely shaped body.
Your system is resistant to poisons. (rPois)
You cover ground very slowly.
You can spit poison.
You have a snake-like lower body.


Message History

The burning spray hits you.
You are even more covered in liquid fire!
You are too injured to fight recklessly!
You are too injured to fight recklessly!
You are too injured to fight recklessly!
You are too injured to fight recklessly!
You are too injured to fight recklessly!
You are too injured to fight recklessly!
You are too injured to fight recklessly!
You are too injured to fight recklessly!
You are too injured to fight recklessly!
You are too injured to fight recklessly!
You are too injured to fight recklessly!
You are too injured to fight recklessly!
You are too injured to fight recklessly!
You are too injured to fight recklessly!
You are too injured to fight recklessly!
You are too injured to fight recklessly!
You hit the bombardier beetle.
The bombardier beetle is almost dead.
The liquid fire burns you!
The bombardier beetle bites you but does no damage.
You hit the bombardier beetle.
You kill the bombardier beetle!
The liquid fire burns you!
* * * LOW HITPOINT WARNING * * *
You shake off some of the fire as you move.
The liquid fire burns you!
* * * LOW HITPOINT WARNING * * *
You shake off some of the fire as you move.
The liquid fire burns you!
* * * LOW HITPOINT WARNING * * *
You shake off some of the fire as you move.
The liquid fire burns you!
* * * LOW HITPOINT WARNING * * *
It was a potion of enlightenment.
You feel very buoyant.
You fly up into the air.
The liquid fire burns you!
You die...

##.......##.# #.#
..........#.######.###
##...................#
##...#.###.######.#.###
#####.# #.# #.....# #.#
#.######..[#.#
##'###..†.......#.#
##...##########....#
#..@..# ###.#.<#
#....†..# ##.#.#..#
#.........####.......#
+.....?...+.......#.##
#.........####...##.#
##.......## ##.###.#
##....[## ### #.#
##...## #.# #+# ### #.#


There were no monsters in sight!

Vanquished Creatures
  A bombardier beetle (D:3)
  3 adders (D:2)
  A ribbon worm (D:2)
  6 ball pythons
  3 bats (D:1)
  2 endoplasms (D:1)
  A giant cockroach (D:1)
  3 goblins
  4 hobgoblins
  2 jackals (D:3)
  2 quokkas
  7 frilled lizards
  2 kobolds (D:1)
  4 rats
41 creatures vanquished.

Notes
Turn   | Place    | Note
-------+----------+-------------------------------------------
     0 | D:1      | Autsider the Naga Ice Elementalist began the quest for the
                  | Orb.
     0 | D:1      | Reached XP level 1. HP: 15/15 MP: 3/3
   135 | D:1      | Reached XP level 2. HP: 22/22 MP: 1/5
   841 | D:2      | Reached XP level 3. HP: 28/28 MP: 4/6
   846 | D:2      | Reached skill level 5 in Ice Magic
   993 | D:2      | Learned a level 3 spell: Frozen Ramparts
  1031 | D:2      | Found the +0 mask of the Dragon {Will+ Slay+3 SInv}
  1169 | D:2      | Reached XP level 4. HP: 26/36 MP: 2/7
  1510 | D:3      | Incinerated by a bombardier beetle

Illustrated notes

Levels and vault maps discovered:
D:1:      evilmike_arrival_hilbert_curve, layout_basic,
          minmay_misc_feat_four_crosses
D:2:      layout_basic, chequers_serial_rivers_room_b, minmay_tromino_v7
D:3:      layout_loops_corners, dk_vineyard_3

Skill      XL: |  1  2  3 |
---------------+----------+-----
Ice Magic      | 5 |  5.7
Fighting       | |  0.6
Dodging        | |  1.5
Stealth        | |  3.0
Spellcasting   | |  2.2

Action                     |  1- 3 |  4- 6 || total
---------------------------+-------+-------++-------
  Melee: Unarmed           |     1 |       ||     1
         Short sword       |    19 |       ||    19
         Whip              |    14 |    19 ||    33
   Cast: Freeze            |    37 |       ||    37
    Use: Potion            |       |     1 ||     1
   Stab: Sleeping          |     4 |     1 ||     5
 Armour: Robe              |    35 |     3 ||    38
         Ring mail         |       |     9 ||     9
  Dodge: Dodged            |    18 |     4 ||    22

Table legend: (Time is in decaauts)
 A = Elapsed time spent in this place.
 B = Non-inter-level travel time spent in this place.
 C = Inter-level travel time spent in this place.
 D = Time resting spent in this place.
 E = Time spent auto-exploring this place.
 F = Levels seen in this place.
 G = Mean time per level.
                   A        B        C        D        E       F      G
               +--------+--------+--------+--------+--------+-----+--------+
         Total |   2040 |   1908 |    132 |     12 |   1536 |   3 |  680.0 |
       Dungeon |   2040 |   1908 |    132 |     12 |   1536 |   3 |  680.0 |
               +--------+--------+--------+--------+--------+-----+--------+

Top non-repeatable levels by time:
     D:1: 1109 daAuts
     D:2: 792 daAuts
     D:3: 138 daAuts
